TOP OF THE 1ST |
Lee's Summit Tigers batting - Pitching for Wisconsin Rapids Rangers : RHP Nicholas Becker
|
Pitching: RHP Nicholas Becker
|
|
Batting: LHB Darren Holland
|
0-0: Ball 1-0: Fly out, F3 (Line Drive, 34)
|
Batting: RHB Jesús Ramos
|
0-0: SINGLE (Line Drive, 8LS)
|
Batting: RHB César Martínez
|
0-0: Ball 1-0: Ball 2-0: Foul Ball, location: 2F 2-1: Fly out, F8 (Flyball, 78M)
|
Batting: SHB Juan Glaviz
|
0-0: Ball Jesús Ramos steals 2nd base 1-0: Ball 2-0: SINGLE (Line Drive, 7S) Jesús Ramos to third
|
Batting: LHB Dale Miller
|
0-0: Fly out, F8 (Flyball, 8LM)
|
Top of the 1st over - 0 run(s), 2 hit(s), 0 error(s), 2 left on base; Lee's Summit 0 - Wisconsin Rapids 0 |
BOTTOM OF THE 1ST |
Wisconsin Rapids Rangers batting - Pitching for Lee's Summit Tigers : LHP Marcos Flores
|
Pitching: LHP Marcos Flores
|
|
Batting: LHB Alberto Varela
|
0-0: Ball 1-0: Foul Ball, location: 2F 1-1: Swinging Strike 1-2: Ball 2-2: Fly out, F7 (Flyball, 7)
|
Batting: RHB Carlos Miranda
|
0-0: Called Strike 0-1: Ball 1-1: Called Strike 1-2: SINGLE (Line Drive, 8RS)
|
Batting: RHB Miguel Toro
|
0-0: Called Strike Carlos Miranda steals 2nd base 0-1: Ground out 4-3 (Groundball, 4) Carlos Miranda to third
|
Batting: LHB Luis Rodríguez
|
0-0: Ball 1-0: Foul Ball, location: 2F 1-1: Foul Ball, location: 2F 1-2: Ball Wild Pitch! Carlos Miranda scores 2-2: Reached on error, E3 (Groundball, 34)
|
Batting: SHB Jacob Wilcox
|
0-0: Swinging Strike 0-1: Ball 1-1: Swinging Strike 1-2: Ball 2-2: Foul Ball, location: 2F 2-2: Foul Ball, location: 2F 2-2: Foul Ball, location: 2F 2-2: Strikes out looking
|
Bottom of the 1st over - 1 run(s), 1 hit(s), 1 error(s), 1 left on base; Lee's Summit 0 - Wisconsin Rapids 1 |
TOP OF THE 2ND |
Lee's Summit Tigers batting - Pitching for Wisconsin Rapids Rangers : RHP Nicholas Becker
|
Batting: RHB Kyle Baylor
|
0-0: Ball 1-0: Ball 2-0: Swinging Strike 2-1: Swinging Strike 2-2: Ball 3-2: Strikes out swinging
|
Batting: RHB Steve Johnson
|
0-0: Ground out 4-3 (Groundball, 4)
|
Batting: RHB Salvador Rodríguez
|
0-0: Ball 1-0: Called Strike 1-1: Fly out, F7 (Flyball, 7LS)
|
Top of the 2nd over - 0 run(s), 0 hit(s), 0 error(s), 0 left on base; Lee's Summit 0 - Wisconsin Rapids 1 |
BOTTOM OF THE 2ND |
Wisconsin Rapids Rangers batting - Pitching for Lee's Summit Tigers : LHP Marcos Flores
|
Batting: LHB Ángelo Lara
|
0-0: Called Strike 0-1: Foul Ball, location: 2F 0-2: Strikes out looking
|
Batting: LHB Ronald Gordon
|
0-0: Called Strike 0-1: Ball 1-1: Ball 2-1: Swinging Strike 2-2: Strikes out swinging
|
Batting: LHB Jean-Sébastien Beaudin
|
0-0: Called Strike 0-1: Ball 1-1: Ball 2-1: Foul Ball, location: 2F 2-2: Foul Ball, location: 2F 2-2: Strikes out swinging
|
Bottom of the 2nd over - 0 run(s), 0 hit(s), 0 error(s), 0 left on base; Lee's Summit 0 - Wisconsin Rapids 1 |
TOP OF THE 3RD |
Lee's Summit Tigers batting - Pitching for Wisconsin Rapids Rangers : RHP Nicholas Becker
|
Batting: RHB Hubert MacDonald
|
0-0: Ball 1-0: Ball 2-0: Foul Ball, location: 2F 2-1: SINGLE (Flyball, 8RS)
|
Batting: LHB Darren Holland
|
0-0: Called Strike 0-1: Ball 1-1: Ball 2-1: Swinging Strike 2-2: Fly out, F7 (Flyball, 7LM)
|
Batting: RHB Jesús Ramos
|
0-0: Ball 1-0: Ball Wild Pitch! Hubert MacDonald to second 2-0: Fly out, F8 (Line Drive, 8LD) Runner from 2nd tags up, SAFE at 3rd, no throw
|
Batting: RHB César Martínez
|
0-0: Ball 1-0: Swinging Strike 1-1: Ball Wild Pitch! Hubert MacDonald scores 2-1: Swinging Strike 2-2: Strikes out looking
|
Top of the 3rd over - 1 run(s), 1 hit(s), 0 error(s), 0 left on base; Lee's Summit 1 - Wisconsin Rapids 1 |
BOTTOM OF THE 3RD |
Wisconsin Rapids Rangers batting - Pitching for Lee's Summit Tigers : LHP Marcos Flores
|
Batting: RHB Luis López
|
0-0: Ground out U3 (Groundball, 3L)
|
Batting: LHB Alberto Varela
|
0-0: Foul Ball, location: 2F 0-1: Foul Ball, location: 2F 0-2: Ground out 3-1 (Groundball, 34)
|
Batting: RHB Carlos Miranda
|
0-0: Ground out 5-3 (Groundball, 56S)
|
Bottom of the 3rd over - 0 run(s), 0 hit(s), 0 error(s), 0 left on base; Lee's Summit 1 - Wisconsin Rapids 1 |
TOP OF THE 4TH |
Lee's Summit Tigers batting - Pitching for Wisconsin Rapids Rangers : RHP Nicholas Becker
|
Batting: SHB Juan Glaviz
|
0-0: Called Strike 0-1: Ball 1-1: Foul Ball, location: 2F 1-2: Ball 2-2: Foul Ball, location: 2F 2-2: Strikes out swinging
|
Batting: LHB Dale Miller
|
0-0: Ball 1-0: Ball 2-0: Swinging Strike 2-1: Ball 3-1: Called Strike 3-2: Foul Ball, location: 2F 3-2: Base on Balls
|
Batting: RHB Kyle Baylor
|
0-0: Ball 1-0: SINGLE (Flyball, 8LS) Dale Miller to second
|
Batting: RHB Steve Johnson
|
0-0: Ball 1-0: SINGLE (Groundball, 6MD) Dale Miller to third Kyle Baylor to second
|
Batting: RHB Salvador Rodríguez
|
0-0: Fly out, F7 (Flyball, 7S)
|
Batting: RHB Hubert MacDonald
|
0-0: Fly out, F9 (Flyball, 9S)
|
Top of the 4th over - 0 run(s), 2 hit(s), 0 error(s), 3 left on base; Lee's Summit 1 - Wisconsin Rapids 1 |
BOTTOM OF THE 4TH |
Wisconsin Rapids Rangers batting - Pitching for Lee's Summit Tigers : LHP Marcos Flores
|
Batting: RHB Miguel Toro
|
0-0: Ball 1-0: Ground out 6-3 (Groundball, 6S)
|
Batting: LHB Luis Rodríguez
|
0-0: Called Strike 0-1: Called Strike 0-2: SOLO HOME RUN (Line Drive, 9LD), Distance : 336 ft
|
Batting: SHB Jacob Wilcox
|
0-0: Foul Ball, location: 2F 0-1: Called Strike 0-2: Ball 1-2: Strikes out swinging
|
Batting: LHB Ángelo Lara
|
0-0: Ball 1-0: Swinging Strike 1-1: Foul Ball, location: 2F 1-2: Strikes out swinging
|
Bottom of the 4th over - 1 run(s), 1 hit(s), 0 error(s), 0 left on base; Lee's Summit 1 - Wisconsin Rapids 2 |
TOP OF THE 5TH |
Lee's Summit Tigers batting - Pitching for Wisconsin Rapids Rangers : RHP Nicholas Becker
|
Batting: LHB Darren Holland
|
0-0: Called Strike 0-1: Swinging Strike 0-2: Strikes out looking
|
Batting: RHB Jesús Ramos
|
0-0: Swinging Strike 0-1: Ground out 5-3 (Groundball, 56)
|
Batting: RHB César Martínez
|
0-0: Hit by Pitch
|
Batting: SHB Juan Glaviz
|
0-0: Called Strike 0-1: Ball 1-1: Swinging Strike 1-2: Foul Ball, location: 2F 1-2: Strikes out swinging
|
Top of the 5th over - 0 run(s), 0 hit(s), 0 error(s), 1 left on base; Lee's Summit 1 - Wisconsin Rapids 2 |
BOTTOM OF THE 5TH |
Wisconsin Rapids Rangers batting - Pitching for Lee's Summit Tigers : LHP Marcos Flores
|
Batting: LHB Ronald Gordon
|
0-0: Ball 1-0: Foul Ball, location: 2F 1-1: Ball 2-1: Foul Ball, location: 2F 2-2: Ball 3-2: Foul Ball, location: 2F 3-2: Foul Ball, location: 2F 3-2: DOUBLE (Line Drive, 7LD)
|
Batting: LHB Jean-Sébastien Beaudin
|
0-0: Ball 1-0: Swinging Strike 1-1: Ball 2-1: Fly out, F9 (Flyball, 9D) Runner from 2nd tags up, OUT at 3rd
|
Batting: RHB Luis López
|
0-0: Ball 1-0: Fly out, F9 (Line Drive, 9D)
|
Bottom of the 5th over - 0 run(s), 1 hit(s), 0 error(s), 0 left on base; Lee's Summit 1 - Wisconsin Rapids 2 |
TOP OF THE 6TH |
Lee's Summit Tigers batting - Pitching for Wisconsin Rapids Rangers : RHP Nicholas Becker
|
Batting: LHB Dale Miller
|
0-0: Called Strike 0-1: SOLO HOME RUN (Flyball, 89XD), Distance : 375 ft
|
Batting: RHB Kyle Baylor
|
0-0: Called Strike 0-1: Foul Ball, location: 2F 0-2: Ball 1-2: Ball 2-2: Foul Ball, location: 2F 2-2: Ball 3-2: Foul Ball, location: 2F 3-2: Foul Ball, location: 2F 3-2: SINGLE (Line Drive, 89S)
|
Batting: RHB Steve Johnson
|
0-0: Foul Ball, location: 2F 0-1: Ball 1-1: Ball 2-1: Foul Ball, location: 2F 2-2: Foul Ball, location: 2F 2-2: Foul Ball, location: 2F 2-2: Ball 3-2: Base on Balls Kyle Baylor to second
|
Pitching: LHP Gregory Thompson
|
|
Batting: RHB Salvador Rodríguez
|
0-0: Foul Ball, location: 2F 0-1: Foul Ball, location: 2F 0-2: Ball 1-2: Ball 2-2: Foul Ball, location: 2F 2-2: Ball 3-2: Strikes out looking
|
Batting: RHB Hubert MacDonald
|
0-0: Foul Ball, location: 2F 0-1: Swinging Strike 0-2: Strikes out swinging
|
Batting: LHB Darren Holland
|
0-0: Called Strike 0-1: Ball 1-1: Ball 2-1: Foul Ball, location: 2F 2-2: Ball 3-2: Fly out, F7 (Flyball, 78S)
|
Top of the 6th over - 1 run(s), 2 hit(s), 0 error(s), 2 left on base; Lee's Summit 2 - Wisconsin Rapids 2 |
BOTTOM OF THE 6TH |
Wisconsin Rapids Rangers batting - Pitching for Lee's Summit Tigers : LHP Marcos Flores
|
Batting: LHB Alberto Varela
|
0-0: Called Strike 0-1: Foul Ball, location: 2F 0-2: Ball 1-2: Ground out 1-3 (Groundball, 13)
|
Batting: RHB Carlos Miranda
|
0-0: Swinging Strike 0-1: Ball 1-1: Swinging Strike 1-2: Ball 2-2: Strikes out looking
|
Batting: RHB Miguel Toro
|
0-0: Ball 1-0: Ball 2-0: Called Strike 2-1: Ground out 1-3 (Groundball, 13S)
|
Bottom of the 6th over - 0 run(s), 0 hit(s), 0 error(s), 0 left on base; Lee's Summit 2 - Wisconsin Rapids 2 |
TOP OF THE 7TH |
Lee's Summit Tigers batting - Pitching for Wisconsin Rapids Rangers : LHP Gregory Thompson
|
Pinch Hitting: RHB Ricardo Velásquez
|
0-0: Ball 1-0: SOLO HOME RUN (Flyball, 89XD), Distance : 372 ft
|
Batting: RHB César Martínez
|
0-0: Ball 1-0: Called Strike 1-1: Ball 2-1: TRIPLE (Line Drive, 89M)
|
Pinch Hitting: LHB Milo Powers
|
0-0: Intentional Walk
|
Batting: LHB Dale Miller
|
0-0: Called Strike 0-1: Foul Ball, location: 2F 0-2: Ball 1-2: SINGLE (Groundball, 6MD) César Martínez scores Milo Powers to second Runner from 2nd tries for 3rd, SAFE, throw made to third Dale Miller to second
|
Pinch Hitting: RHB Ralph Lambert
|
0-0: Intentional Walk
|
Pitching: LHP Sam Olson
|
|
Batting: RHB Steve Johnson
|
0-0: Ball 1-0: Called Strike 1-1: Swinging Strike 1-2: Fly out, F9 (Flyball, 9S)
|
Pinch Hitting: LHB Dudley Cooper
|
0-0: Called Strike 0-1: Swinging Strike 0-2: Strikes out swinging
|
Batting: RHB Hubert MacDonald
|
0-0: Ball 1-0: Ball 2-0: Ball 3-0: Base on Balls Milo Powers scores Dale Miller to third Ralph Lambert to second
|
Pinch Hitting: RHB Steven Wright
|
0-0: Ball 1-0: Swinging Strike 1-1: Swinging Strike 1-2: Ball 2-2: Ball 3-2: Strikes out swinging
|
Top of the 7th over - 3 run(s), 3 hit(s), 0 error(s), 3 left on base; Lee's Summit 5 - Wisconsin Rapids 2 |
BOTTOM OF THE 7TH |
Wisconsin Rapids Rangers batting - Pitching for Lee's Summit Tigers : LHP Marcos Flores
|
Now at 2B: Steve Cook
|
|
Now at SS: Gilberto Ferrer
|
|
Now in LF: Dudley Cooper
|
|
Now in CF: Rodrigo Díaz
|
|
Now in RF: Milo Powers
|
|
Batting: LHB Luis Rodríguez
|
0-0: Ball 1-0: Foul Ball, location: 2F 1-1: DOUBLE (Flyball, 7D)
|
Pitching: RHP Mike Spencer
|
|
Batting: SHB Jacob Wilcox
|
0-0: Ball 1-0: Called Strike 1-1: Swinging Strike 1-2: Ball 2-2: Ball 3-2: Base on Balls
|
Batting: LHB Ángelo Lara
|
0-0: Ball 1-0: Swinging Strike 1-1: Ball 2-1: Fielders Choice at 2nd, 4-6 (Groundball, 4) Luis Rodríguez to third
|
Batting: LHB Ronald Gordon
|
0-0: Foul Ball, location: 2F 0-1: Ball 1-1: Ball 2-1: Ball 3-1: Grounds into double play, 6-4-3 (Groundball, 6)
|
Bottom of the 7th over - 0 run(s), 1 hit(s), 0 error(s), 1 left on base; Lee's Summit 5 - Wisconsin Rapids 2 |
TOP OF THE 8TH |
Lee's Summit Tigers batting - Pitching for Wisconsin Rapids Rangers : LHP Sam Olson
|
Batting: RHB Gilberto Ferrer
|
0-0: Called Strike 0-1: Called Strike 0-2: Ball 1-2: Ball 2-2: Foul Ball, location: 2F 2-2: Ball 3-2: Strikes out swinging
|
Batting: RHB César Martínez
|
0-0: Swinging Strike 0-1: Ball 1-1: Ball 2-1: Called Strike 2-2: Foul Ball, location: 2F 2-2: Strikes out swinging
|
Batting: LHB Milo Powers
|
0-0: Called Strike 0-1: Ball 1-1: Ball 2-1: Called Strike 2-2: Strikes out swinging
|
Top of the 8th over - 0 run(s), 0 hit(s), 0 error(s), 0 left on base; Lee's Summit 5 - Wisconsin Rapids 2 |
BOTTOM OF THE 8TH |
Wisconsin Rapids Rangers batting - Pitching for Lee's Summit Tigers : RHP Mike Spencer
|
Batting: LHB Jean-Sébastien Beaudin
|
0-0: Ball 1-0: Foul Ball, location: 2F 1-1: Swinging Strike 1-2: Ball 2-2: Strikes out swinging
|
Batting: RHB Luis López
|
0-0: Ball 1-0: Called Strike 1-1: Ball 2-1: Foul Ball, location: 2F 2-2: Foul Ball, location: 2F 2-2: Ground out 6-3 (Groundball, 6)
|
Batting: LHB Alberto Varela
|
0-0: SINGLE (Groundball, 4) (infield hit)
|
Batting: RHB Carlos Miranda
|
0-0: Swinging Strike 0-1: Ball 1-1: Ball 2-1: Ball 3-1: Fly out, F3 (Line Drive, 3)
|
Bottom of the 8th over - 0 run(s), 1 hit(s), 0 error(s), 1 left on base; Lee's Summit 5 - Wisconsin Rapids 2 |
TOP OF THE 9TH |
Lee's Summit Tigers batting - Pitching for Wisconsin Rapids Rangers : LHP Sam Olson
|
Pitching: RHP José Padilla
|
|
Batting: LHB Dale Miller
|
0-0: Called Strike 0-1: Ball 1-1: Ball 2-1: SINGLE (Groundball, 34) (infield hit)
|
Batting: LHB Rodrigo Díaz
|
0-0: Fly out, F7 (Flyball, 7)
|
Batting: RHB Steve Johnson
|
0-0: Called Strike Dale Miller steals 2nd base 0-1: Foul Ball, location: 2F 0-2: Strikes out swinging
|
Batting: LHB Dudley Cooper
|
0-0: SINGLE (Groundball, 3D) Dale Miller to third Runner from 3rd tries for Home, SAFE, no throw
|
Batting: RHB Hubert MacDonald
|
0-0: Called Strike 0-1: Foul Ball, location: 2F 0-2: Strikes out swinging
|
Top of the 9th over - 1 run(s), 2 hit(s), 0 error(s), 1 left on base; Lee's Summit 6 - Wisconsin Rapids 2 |
BOTTOM OF THE 9TH |
Wisconsin Rapids Rangers batting - Pitching for Lee's Summit Tigers : RHP Mike Spencer
|
Batting: RHB Miguel Toro
|
0-0: Called Strike 0-1: SINGLE (Groundball, 25) (infield hit)
|
Batting: LHB Luis Rodríguez
|
0-0: Called Strike 0-1: Ball 1-1: Foul Ball, location: 2F 1-2: Ball 2-2: Ball 3-2: Foul Ball, location: 2F 3-2: Foul Ball, location: 2F 3-2: Fly out, F7 (Flyball, 7LSF)
|
Batting: SHB Jacob Wilcox
|
0-0: TRIPLE (Flyball, 78D) Miguel Toro scores
|
Pitching: RHP Javier Pacheco
|
|
Batting: LHB Ángelo Lara
|
0-0: Ball 1-0: Swinging Strike 1-1: Ball 2-1: Ball 3-1: Base on Balls
|
Batting: LHB Ronald Gordon
|
0-0: Called Strike 0-1: Fielders Choice at 2nd, 6-4 (Groundball, 6) Jacob Wilcox scores
|
Batting: LHB Jean-Sébastien Beaudin
|
0-0: Ball
|
|
|
|
1-0: Foul Ball, location: 2F 1-1: Ball 2-1: Foul Ball, location: 2F 2-2: Ball 3-2: Foul Ball, location: 2F 3-2: Hit by Pitch Ronald Gordon to second
|
Pinch Hitting: LHB Javier Mejía
|
0-0: Swinging Strike 0-1: SINGLE (Line Drive, 9LS) Ronald Gordon to third Jean-Sébastien Beaudin to second Runner from 3rd tries for Home, SAFE, no throw
|
Batting: LHB Alberto Varela
|
0-0: Ball 1-0: Called Strike 1-1: Ball 2-1: Swinging Strike 2-2: Ball 3-2: Foul Ball, location: 2F 3-2: Foul Ball, location: 2F 3-2: Fly out, F5 (Popup, 5S)
|
Bottom of the 9th over - 3 run(s), 3 hit(s), 0 error(s), 2 left on base; Lee's Summit 6 - Wisconsin Rapids 5 |
|
Thursday, March 30th, 2017 - OOTP Baseball 17.12 Build 75
|
|